 Dungeon Crawl Stone Soup version 0.29.0-11-gd7f09526c8 (webtiles) character file.

Game seed: 7533372583945500347

119 Anothat the Ruffian (level 5, -1/26 HPs)
             Began as a Vine Stalker Transmuter on Sept 4, 2022.
             Slain by a gnoll
             ... wielding a +0 halberd
             ... led by a gnoll bouda
              (8 damage)
             ... on level 3 of the Dungeon.
             The game lasted 00:03:46 (2907 turns).

Anothat the Ruffian (Vine Stalker Transmuter)       Turns: 2907, Time: 00:03:47

Health: -1/26      AC:  3    Str: 15    XL:     5   Next: 3%
Magic:  0/9        EV: 12    Int: 13    God:
Gold:   90         SH:  0    Dex: 14    Spells: 5/8 levels left

rFire   . . .      SeeInvis .     - Unarmed
rCold   . . .      Faith    .   (no shield)
rNeg    . . .      Spirit   +   a - +0 robe
rPois   .          Reflect  .   (helmet currently unavailable)
rElec   .          Harm     .   g - +0 cloak
rCorr   .          Rampage  .   (no gloves)
Will    .....                   (boots currently unavailable)
Stlth   +.........              (no amulet)
HPRegen 0.88/turn               (no ring)
MPRegen 0.11/turn               (no ring)

@: appendages, weakened, wereblooded
A: horns 2, talons 2, fangs 2, regeneration 1, magic shield, antimagic bite, no
potion heal 2
a: End Transformation


You were on level 3 of the Dungeon.
You had temporarily grown beastly horns and talons.
You visited 1 branch of the dungeon, and saw 3 of its levels.

You collected 90 gold pieces.

Inventory:

Armour
 a - a +0 robe (worn)
 c - a +0 chain mail
 e - a +0 pair of boots
 f - a +0 pair of boots (melded)
 g - a +0 cloak (worn)
Scrolls
 i - a scroll of identify {unknown}
Potions
 b - a potion of lignification
 d - 3 potions of flight {unknown}
 h - a potion of mutation {unknown}
 j - a potion of magic {unknown}
 k - a potion of heal wounds {unknown}
 l - a potion of curing {unknown}


   Skills:
 + Level 2.1 Fighting
 - Level 1.5 Dodging
 * Level 4.4 Unarmed Combat
 - Level 2.1 Spellcasting
 + Level 3.0 Transmutations


You had 5 spell levels left.
You knew the following spells:

 Your Spells              Type           Power      Damage    Failure   Level
a - Beastly Appendage     Tmut           18%        N/A       8%          1
b - Wereblood             Tmut           9%         N/A       11%         2

Your spell library contained the following spells:

 Spells                   Type           Power      Damage    Failure   Level
 Spider Form              Tmut/Pois      5%         N/A       38%         3
 Ice Form                 Ice/Tmut       5%         N/A       80%         4


Dungeon Overview and Level Annotations

Branches:
Dungeon (3/15)

Altars:
Nemelex Xobeh

Shops:
D:1 ?   D:2 =


Innate Abilities, Weirdness & Mutations

You have temporarily grown beastly horns and talons.
You have extremely sharp teeth.
Your natural rate of healing is unusually fast.
When hurt, damage is shared between your health and your magic reserves.
Your bite disrupts and absorbs the magic of your enemies.
Potions cannot restore your health.


Message History

You hit the gnoll.
You feel a bit better.
You kill the gnoll!
The gnoll closely misses you.
Your Transmutations skill increases to level 3!
You have reached level 5!
You howl as the wereblood boils in your veins!
Your attacks no longer feel as feeble.
The gnoll hits you with a +0 halberd.
Things that are here:
a +0 whip; a gnoll corpse You barely miss the gnoll.
You claw the gnoll.
The gnoll is moderately wounded.
The gnoll closely misses you.
You hit the gnoll. You claw the gnoll, but do no damage.
The gnoll is severely wounded.
The gnoll bouda gazes fiercely through you!
You feel your attacks grow feeble.
You hit the gnoll bouda but do no damage.
Your kick misses the gnoll bouda.
You headbutt the gnoll bouda, but do no damage.
Your punch misses the gnoll bouda.
The gnoll hits you from afar with a +0 halberd!
You are too injured to fight recklessly!
You hit the gnoll bouda but do no damage.
You punch the gnoll bouda, but do no damage.
You bite the gnoll bouda, but do no damage.
The gnoll bouda gazes fiercely through you!
You feel as though you will be weak longer.
The gnoll bouda misses you. The gnoll misses you.
You completely miss the gnoll bouda. Your kick misses the gnoll bouda.
The gnoll bouda hits you but does no damage.
The gnoll hits you from afar with a +0 halberd.
You hit the gnoll bouda. You claw the gnoll bouda.
You bite the gnoll bouda, but do no damage.
The gnoll bouda is moderately wounded.
You howl as the wereblood boils in your veins!
The gnoll bouda hits you with a +0 club.
* * * LOW HITPOINT WARNING * * *
The gnoll hits you from afar with a +0 halberd!
You die...

####### #.†...# #.###.#
#########.....#
...gggg@'.....##########
#########.....#.........
...................
########.#.###.###.
#.#.#...###.
#.#..<..#...
#.########## #.. ###


You could see a gnoll bouda and 3 gnolls.

Vanquished Creatures
  An iguana (D:3)
  A gnoll (D:3)
  2 adders
  2 worms (D:2)
  A dart slug (D:1)
  An orc (D:2)
  6 ball pythons
  4 endoplasms
  3 giant cockroaches
  3 goblins
  4 hobgoblins
  8 jackals
  2 quokkas
  4 bats (D:1)
  5 frilled lizards
  6 kobolds
  4 rats
57 creatures vanquished.

Vanquished Creatures (others)
  A plant (D:1)
1 creature vanquished.

Grand Total: 58 creatures vanquished

Notes
Turn   | Place    | Note
-------+----------+-------------------------------------------
     0 | D:1      | Anothat the Vine Stalker Transmuter began the quest for the
                  | Orb.
     0 | D:1      | Reached XP level 1. HP: 9/9 MP: 4/4
    81 | D:1      | Reached skill level 1 in Fighting
    97 | D:1      | Reached XP level 2. HP: 2/14 MP: 1/6
   584 | D:1      | Found Leducuqi's Magic Scroll Shoppe.
   722 | D:1      | Reached XP level 3. HP: 14/18 MP: 5/7
  1196 | D:2      | Found a sparkling altar of Nemelex Xobeh.
  1209 | D:2      | Found Loburoqu's Jewellery Emporium.
  1440 | D:2      | Learned a level 2 spell: Wereblood
  1752 | D:2      | Reached skill level 4 in Unarmed Combat
  1752 | D:2      | Gained mutation: Your natural rate of healing is unusually
                  | fast. [Vine Stalker growth]
  1752 | D:2      | Reached XP level 4. HP: 5/23 MP: 5/8
  2326 | D:2      | Found a faded altar of an unknown god.
  2901 | D:3      | Reached XP level 5. HP: 24/26 MP: 4/9
  2907 | D:3      | Slain by a gnoll

Illustrated notes

Levels and vault maps discovered:
D:1:      dpeg_arrival_simpleton_a, layout_basic, serial_forest,
          infiniplex_forest_clump_small, infiniplex_forest_lined_2,
          infiniplex_forest_clump_diagonal, infiniplex_forest_lined_corner,
          infiniplex_forest_zigzag_1, infiniplex_forest_straight_3,
          serial_shops, nicolae_shop_waterfront
D:2:      layout_basic, shapermc_ecumenical_altar_pompeii, serial_shops,
          nicolae_square_shop, basic_altar
D:3:      layout_basic, dreamdust_princess_bridge, kennysheep_generic_room_11

Skill      XL: |  1  2  3  4 |
---------------+-------------+-----
Fighting       | 1 2 |  2.1
Unarmed Combat | 4 |  4.4
Transmutations | 3 |  3.0
Dodging        | |  1.5
Spellcasting   | |  2.1

Action                   |  1- 3 |  4- 6 || total
-------------------------+-------+-------++-------
Melee: Unarmed           |    89 |    52 ||   141
       Bite              |    16 |    13 ||    29
       Kick              |    17 |     6 ||    23
       Headbutt          |    12 |    10 ||    22
       Punch             |     2 |     1 ||     3
 Cast: Beastly Appendage |    19 |    12 ||    31
       Wereblood         |       |     2 ||     2
  Use: Scroll            |       |     3 ||     3
Armor: Robe              |    19 |     9 ||    28
Dodge: Dodged            |    58 |    42 ||   100
